 Dungeon Crawl Stone Soup version 0.25-a0-287-g56a5b49892 (webtiles) character file.

Game seed: 3095644542717746238, levelgen mode: deterministic

15587 Esekla the Thaumaturge (level 12, -3/62 HPs)
             Began as a Deep Elf Conjurer on Dec 12, 2019.
             Was an Initiate of Gozag.
             Slain by an orc knight
             ... wielding a +0 great sword
              (16 damage)
             ... on level 9 of the Dungeon.
             The game lasted 01:57:27 (14167 turns).

Esekla the Thaumaturge (Deep Elf Conjurer)         Turns: 14167, Time: 01:57:29

Health: -3/62      AC: 15    Str:  8    XL:     12   Next: 2%
Magic:  0/31       EV: 14    Int: 22    God:    Gozag
Gold:   1211       SH:  0    Dex: 16    Spells: 22/37 levels left

rFire    . . .     SeeInvis .   z - +7 falchion (flame)
rCold    . . .     Gourm    .   (no shield)
rNeg     . . .     Faith    .   a - +4 ring mail of Weirdness {MR+}
rPois    +         Spirit   +   e - +2 helmet
rElec    .         Reflect  .   i - scarf {Spirit}
rCorr    +         Harm     .   O - +0 pair of gloves "Urek" {rPois}
MR       ++...                  (no boots)
Stlth    ++........             (no amulet)
HPRegen  0.20/turn              f - ring of resist corrosion
MPRegen  0.22/turn              I - ring of wizardry

@: no status effects
A: no striking features
a: Potion Petition, Call Merchant, Bribe Branch, Renounce Religion


You were on level 9 of the Dungeon.
You worshipped Gozag.
Gozag was most pleased with you.
You were hungry.

You visited 4 branches of the dungeon, and saw 16 of its levels.
You also visited: Sewer.

You collected 1976 gold pieces.
You spent 620 gold pieces at shops.
You paid 145 gold pieces to Gozag.

Inventory:

Hand Weapons
 b - the +6 long sword "Zyxod" {freeze, Int+4}
   (You found it on level 1 of the Lair of Beasts)

   It has been specially enchanted to freeze those struck by it, causing extra
   injury to most foes and up to half again as much damage against particularly
   susceptible opponents.
   It can also slow down cold-blooded creatures.
   It affects your intelligence (+4).
 z - a +7 falchion of flaming (weapon)
 C - a +3 dagger
 N - a +0 falchion of holy wrath
Missiles
 o - 38 poisoned darts (quivered)
 u - 19 boomerangs
 y - 5 boomerangs of dispersal
Armour
 a - the +4 ring mail of Weirdness (worn) {MR+}
   (You found it on level 7 of the Dungeon)

   It affects your resistance to hostile enchantments.
 e - a +2 helmet (worn)
 i - a scarf of spirit shield (worn)
 O - the +0 pair of gloves "Urek" (worn) {rPois}
   (You bought it in a shop on level 9 of the Dungeon)

   It protects you from poison.
Jewellery
 f - a ring of resist corrosion (left hand)
 q - an uncursed ring of fire
 I - a ring of wizardry (right hand)
Wands
 d - a wand of enslavement (22)
 l - a wand of iceblast (10)
 s - a wand of polymorph (10)
 v - a wand of paralysis (10)
 E - a wand of scattershot (10)
 H - a wand of flame (12)
Scrolls
 m - 4 scrolls of amnesia
 w - 3 scrolls of magic mapping
 x - 2 scrolls of remove curse
Potions
 h - a potion of mutation
 n - 2 potions of curing
 p - a potion of magic
 t - a potion of haste
 A - 2 potions of resistance
 G - a potion of brilliance
 L - a potion of lignification {unknown}
 M - a potion of flight {unknown}
Comestibles
 c - 14 rations


   Skills:
 - Level 2.0 Fighting
 - Level 1.3(5.0) Short Blades
 * Level 7.0 Long Blades
 * Level 7.6 Armour
 + Level 7.1 Dodging
 - Level 2.4 Stealth
 * Level 13.0 Spellcasting
 + Level 9.1 Conjurations
 + Level 2.9 Hexes
 * Level 7.4 Translocations


You had 22 spell levels left.
You knew the following spells:

 Your Spells              Type           Power        Failure   Level  Hunger
a - Magic Dart            Conj           ####         1%          1    None
b - Iskenderun's Mystic   Conj/Tloc      ######..     1%          4    None
d - Dazzling Flash        Conj/Hex       #####.       1%          3    None
e - Searing Ray           Conj           ######       1%          2    None
i - Corona                Hex            ####...      1%          1    None
p - Fulminant Prism       Conj/Hex       #####.....   4%          4    None

Your spell library contained the following spells:

 Spells                   Type           Power        Failure   Level  Hunger
 Portal Projectile        Hex/Tloc       #####.       1%          3    None
 Slow                     Hex            ####....     2%          2    None
 Inner Flame              Hex/Fire       ###.....     8%          3    None
 Cause Fear               Hex            ####......   14%         4    None
 Leda's Liquefaction      Hex/Erth       ###.......   24%         4    None


Dungeon Overview and Level Annotations

Branches:
Dungeon (12/15)            Temple (1/1) D:7            Lair (1/6) D:11
    Orc (2/2) D:9           Sewer (visited)
    Elf: Orc:2

Altars:
Ashenzari
Cheibriados
Dithmenos
Elyvilon
Fedhas
Gozag
Hepliaklqana
Kikubaaqudgha
Makhleb
Nemelex Xobeh
Okawaru
Qazlal
Ru
Sif Muna
Trog
Uskayaw
Vehumet
Wu Jian
Xom
Yredelemnul
Zin
The Shining One

Shops:
D:7 *   D:9 [

Annotations:
D:8 2 runed translucent doors, exclusion: orange crystal statue
D:10 Gastronok
D:11 1 runed translucent door, Josephine


Message History

The searing ray misses the orc knight.
The orc knight hits you but does no damage.
The searing ray misses the orc knight.
The searing ray hits the orc knight.
The orc knight is almost dead.
You finish channeling your searing ray.
The orc knight hits you with a +0 great sword.
* * * LOW HITPOINT WARNING * * *
Casting: Searing Ray (safe; 1% risk of failure)
Confirm with . or Enter, or press ? or * to list all spells.
Aiming: Searing Ray (safe; 1% risk of failure)
Press: ? - help, Shift-Dir - straight line, f/p - orc knight
Aim: an orc knight, wielding a +0 great sword and wearing a +0 plate armour (almost dead, poisoned)
The searing ray hits the orc knight.
The orc knight is almost dead. (Press . to maintain the ray.)
You are feeling hungry.
The orc knight hits you with a +0 great sword!
You die...
Your body crumbles into a pile of gold.

##### #...#
#######.#.#
#.@o......#
#.#####...#
#.#.......# #####
#.#.##....# #...##
#.#.#.....####.....
#.#.#..............
#.#.#.....#####....
#.......[..........
###..[....####.....


You could see an orc knight.

Vanquished Creatures
  A hydra (Lair:1)
  2 two-headed ogres
  Pikel (D:8)
  A deep elf mage (D:11)
  3 cyclopes
  A manticore (D:11)
  2 spiny frogs (Lair:1)
  2 komodo dragons (Lair:1)
  2 trolls
  3 hippogriffs
  5 wraiths (D:11)
  A shadow (D:11)
  A spriggan (D:11)
  A wyvern (D:10)
  Eustachio (D:6)
  2 hungry ghosts
  16 yaks
  A warg (Orc:2)
  A soldier ant (D:11)
  2 water moccasins
  An acid dragon (D:11)
  5 orc warriors
  A porcupine (Lair:1)
  4 ice beasts
  2 sky beasts (D:11)
  2 phantoms
  3 slaves (D:8)
  Purgy (Sewer)
  A black bear (D:6)
  5 centaurs
  A necrophage (D:11)
  6 ogres
  A crocodile (Lair:1)
  2 big kobolds
  4 bullfrogs
  A wyvern zombie (D:8)
  A wyvern skeleton (D:9)
  4 scorpions
  4 howler monkeys
  4 wights (D:9)
  2 crimson imps
  A bullfrog zombie (D:6)
  2 jellies
  6 hounds
  4 orc priests
  A bullfrog skeleton (D:8)
  A centaur skeleton (D:8)
  8 orc wizards
  3 iguanas
  6 worker ants
  A hound zombie (D:7)
  3 hound skeletons
  12 adders
  2 shadow imps (D:9)
  2 adder zombies
  4 worms
  A dart slug (D:2)
  A leopard gecko (D:2)
  44 orcs
  10 bats
  7 giant cockroaches
  5 goblins
  10 hobgoblins
  7 jackals
  3 quokkas
  2 ball pythons
  5 frilled lizards
  A jackal skeleton (D:8)
  A jackal zombie (D:2)
  14 kobolds
  A leopard gecko skeleton (D:4)
  A leopard gecko zombie (D:6)
  5 rats
  A plant (D:11)
279 creatures vanquished.

Notes
Turn   | Place    | Note
-------+----------+-------------------------------------------
     0 | D:1      | Esekla the Deep Elf Conjurer began the quest for the Orb.
     0 | D:1      | Reached XP level 1. HP: 10/10 MP: 6/6
   522 | D:1      | Reached XP level 2. HP: 15/15 MP: 6/8
   526 | D:1      | Learned a level 2 spell: Searing Ray
  1108 | D:2      | Reached XP level 3. HP: 16/20 MP: 4/9
  1109 | D:2      | Reached skill level 5 in Conjurations
  1311 | D:2      | Reached skill level 1 in Fighting
  1974 | D:3      | Found a glowing drain.
  2020 | D:3      | Reached XP level 4. HP: 25/25 MP: 8/11
  2085 | Sewer    | Entered a sewer
  2155 | Sewer    | Reached skill level 4 in Spellcasting
  2224 | Sewer    | Noticed Purgy
  2269 | Sewer    | Killed Purgy
  2269 | Sewer    | Reached XP level 5. HP: 21/30 MP: 4/13
  2276 | Sewer    | Learned a level 4 spell: Iskenderun's Mystic Blast
  2751 | D:4      | Reached skill level 5 in Spellcasting
  2966 | D:4      | Reached XP level 6. HP: 35/35 MP: 5/15
  3036 | D:4      | Reached skill level 1 in Translocations
  3400 | D:4      | Reached skill level 6 in Spellcasting
  3521 | D:4      | Found a bloodstained altar of Trog.
  3524 | D:4      | Found a basalt altar of Yredelemnul.
  3526 | D:4      | Found a blossoming altar of Fedhas.
  3693 | D:4      | Reached skill level 1 in Short Blades
  3693 | D:4      | Reached XP level 7. HP: 38/39 MP: 14/18
  4014 | D:5      | Entered Level 5 of the Dungeon
  4205 | D:6      | Noticed Eustachio
  4212 | D:6      | Killed Eustachio
  4212 | D:6      | Reached skill level 7 in Spellcasting
  4362 | D:6      | Reached skill level 5 in Dodging
  4364 | D:6      | Reached XP level 8. HP: 37/44 MP: 9/21
  4693 | D:5      | Reached skill level 1 in Long Blades
  4693 | D:5      | Reached skill level 8 in Spellcasting
  5082 | D:5      | Learned a level 4 spell: Fulminant Prism
  5086 | D:5      | Learned a level 3 spell: Dazzling Flash
  5202 | D:5      | Learned a level 1 spell: Corona
  5570 | D:6      | Reached skill level 1 in Hexes
  5895 | D:7      | Found Kemun's Assorted Antiques.
  5905 | D:7      | Got an encrusted ring mail
  5961 | D:7      | Reached skill level 9 in Spellcasting
  5963 | D:7      | Reached skill level 1 in Armour
  6038 | D:7      | Noticed a hippogriff
  6047 | D:7      | Killed a hippogriff
  6066 | D:7      | Reached XP level 9. HP: 42/48 MP: 8/24
  6122 | D:7      | Bought a yellow potion for 24 gold pieces
  6122 | D:7      | Bought a scroll labeled ZUTOMEAXKI for 27 gold pieces
  6129 | D:7      | Identified the +4 ring mail of Weirdness {MR+} (You found
                  | it on level 7 of the Dungeon)
  6155 | D:7      | Bought a scroll of identify for 54 gold pieces
  6155 | D:7      | Bought a scroll of identify for 54 gold pieces
  6155 | D:7      | Bought a scroll of identify for 54 gold pieces
  6291 | D:8      | Found a runed translucent door.
  6292 | D:8      | Noticed an orange crystal statue
  6303 | D:8      | Found the +10 large shield of Ignorance {rN+ Int-4}
  6326 | D:8      | Noticed a two-headed ogre
  6547 | D:8      | Found a runed translucent door.
  6614 | D:8      | Reached skill level 10 in Spellcasting
  6767 | D:7      | Found a staircase to the Ecumenical Temple.
  6811 | Temple   | Entered the Ecumenical Temple
  6900 | Temple   | Became a worshipper of Gozag Ym Sagoz the Greedy
  7226 | D:8      | Noticed Pikel
  7235 | D:8      | Killed Pikel
  7633 | D:8      | Reached skill level 5 in Translocations
  7938 | D:9      | Found a shadowy altar of Dithmenos.
  7958 | D:9      | Noticed a cyclops
  7967 | D:9      | Killed a cyclops
  7967 | D:9      | Reached skill level 11 in Spellcasting
  7967 | D:9      | Reached XP level 10. HP: 48/53 MP: 10/27
  8139 | D:9      | Found Opty's Antique Armour Emporium.
  8315 | D:9      | Found a staircase to the Orcish Mines.
  8487 | D:9      | Reached skill level 5 in Armour
  8749 | D:9      | Bought a pair of ichor-stained gloves for 209 gold pieces
  8754 | D:9      | Identified the +0 pair of gloves "Urek" {rPois} (You bought
                  | it in a shop on level 9 of the Dungeon)
  8770 | D:9      | Bought a distressingly furry ring mail for 198 gold pieces
  8772 | D:9      | Identified the +0 ring mail of Divine Intervention {Str+2
                  | Dex+2 Stlth+} (You bought it in a shop on level 9 of the
                  | Dungeon)
  8812 | D:10     | Entered Level 10 of the Dungeon
  9318 | D:10     | Noticed Gastronok
  9463 | D:10     | Reached skill level 5 in Long Blades
  9773 | Orc:1    | Entered Level 1 of the Orcish Mines
  9773 | Orc:1    | Noticed a two-headed ogre
  9864 | D:11     | Found a staircase to the Lair.
  9964 | D:11     | Reached XP level 11. HP: 45/57 MP: 8/28
 10029 | D:11     | Found Nidyc's Food Shop.
 10041 | D:11     | Found a runed translucent door.
 10210 | D:11     | HP: 2/57 [ogre/+0 giant club (13)]
 10394 | D:11     | Reached skill level 12 in Spellcasting
 10948 | Lair:1   | Entered Level 1 of the Lair of Beasts
 12107 | Lair:1   | Got a dazzling long sword
 12108 | Lair:1   | Identified the +6 long sword "Zyxod" {freeze, Int+4} (You
                  | found it on level 1 of the Lair of Beasts)
 12145 | Lair:1   | Noticed a five-headed hydra
 12157 | Lair:1   | Killed a one-headed hydra
 12420 | D:11     | Noticed a two-headed ogre
 12429 | D:11     | Killed a two-headed ogre
 12679 | D:11     | Noticed Josephine
 12893 | D:11     | Noticed a deep elf mage
 12913 | D:11     | Killed a deep elf mage
 13071 | D:9      | Killed a two-headed ogre
 13559 | Orc:2    | Entered Level 2 of the Orcish Mines
 13569 | Orc:2    | Reached XP level 12. HP: 43/62 MP: 10/30
 13614 | Orc:1    | Reached skill level 13 in Spellcasting
 14167 | D:9      | Slain by an orc knight

Levels and vault maps discovered:
D:1:      dpeg_arrival_three_same_balls, layout_basic
D:2:      layout_basic
D:3:      layout_rooms, gup_sewer_entry_glass
D:4:      layout_layer_cave, nicolae_overflow_hidden_temple, first_ration,
          minmay_fountain_box, abandoned_shop
D:5:      layout_basic, bh_walls_and_bars
D:6:      layout_basic, uniq_eustachio
D:7:      layout_rooms, lemuel_temple_firewalk_a, serial_shops,
          nicolae_shop_overgrown_old_shop
D:8:      layout_loops_ring, chequers_guarded_unrand_ignorance, uniq_pikel
D:9:      layout_basic, nicolae_dithmenos_the_darkroom, david_orc_2,
          serial_shops, nicolae_shop_statue_plus
D:10:     layout_roguey, uniq_gastronok
D:11:     cheibrodos_histonic, layout_irregular_city, dpeg_oklobed_lair,
          basic_altar, serial_shops, shop, hangedman_stone_soup, uniq_josephine
D:12:     layout_long_grid, grunt_ministairs_6, uniq_kirke
Temple:   regret_index_temple_mists
Lair:1:   layout_regular_city
Orc:1:    layout_caves, serial_shops, shop, uniq_erica
Orc:2:    grunt_orc_cross, layout_caves, mines2_david

Skill      XL: |  1  2  3  4  5  6  7  8  9 10 11 12 |
---------------+-------------------------------------+-----
Conjurations   | 5 6 7 8 9 |  9.1
Fighting       | 1 2 |  2.0
Dodging        | 3 4 5 6 7 |  7.1
Spellcasting   | 4 5 6 7 9 11 12 13 | 13.0
Translocations | 1 2 3 5 6 7 |  7.4
Short Blades   | 1 |  1.3
Long Blades    | 2 3 5 7 |  7.0
Hexes          | 2 |  2.9
Armour         | 1 4 6 7 |  7.6
Stealth        | |  2.4

Action                   |  1- 3 |  4- 6 |  7- 9 | 10-12 || total
-------------------------+-------+-------+-------+-------++-------
Melee: Dagger            |    21 |    18 |     6 |       ||    45
       Falchion          |       |       |    40 |   107 ||   147
Throw: Dart              |       |     3 |    10 |    31 ||    44
       Boomerang         |       |       |       |     4 ||     4
 Cast: Magic Dart        |    35 |    21 |    24 |     4 ||    84
       Searing Ray       |    18 |    17 |    62 |    84 ||   181
       Iskenderun's Myst |       |     1 |     4 |    15 ||    20
       Corona            |       |       |       |     2 ||     2
  Use: Scroll            |     6 |       |    11 |    19 ||    36
       Potion            |       |       |     1 |     5 ||     6
 Stab: Sleeping          |     3 |     5 |     3 |       ||    11
  Eat: Chunk             |     3 |     6 |     8 |       ||    17
       Ration            |       |       |     2 |     6 ||     8
Armor: Robe              |    10 |    10 |     7 |       ||    27
       Leather armour    |       |       |    15 |       ||    15
       Ring mail         |       |       |    28 |    86 ||   114
Dodge: Dodged            |    26 |    31 |    95 |   137 ||   289
       Rpst.: Falchion   |       |       |    17 |    30 ||    47

Table legend:
 A = Non-vault XP
 B = Vault XP
 C = Vault XP percentage of total XP
 D = Non-vault monster count
 E = Vault monster count
 F = Vault count percentage of total count
                 A         B        C        D         E       F
            +---------+---------+-------+---------+---------+-------
      Total |   19277 |    2991 |  13.4 |     246 |      29 |  10.5
            +---------+---------+-------+---------+---------+-------
        D:1 |      21 |       0 |   0.0 |      13 |       0 |   0.0
        D:2 |      58 |       0 |   0.0 |      31 |       0 |   0.0
        D:3 |      28 |      42 |  60.0 |      10 |       4 |  28.6
        D:4 |     511 |       0 |   0.0 |      25 |       0 |   0.0
        D:5 |     430 |       0 |   0.0 |      13 |       0 |   0.0
        D:6 |     776 |     196 |  20.2 |      30 |       1 |   3.2
        D:7 |     863 |       0 |   0.0 |      15 |       0 |   0.0
        D:8 |    1531 |     663 |  30.2 |      23 |       1 |   4.2
        D:9 |    3828 |      24 |   0.6 |      25 |       8 |  24.2
       D:10 |    2005 |       0 |   0.0 |      11 |       0 |   0.0
       D:11 |    4165 |    1758 |  29.7 |      27 |       7 |  20.6
       D:12 |      46 |      50 |  52.1 |       3 |       1 |  25.0
     Lair:1 |    4032 |       0 |   0.0 |      14 |       0 |   0.0
      Orc:1 |     668 |     124 |  15.7 |       2 |       1 |  33.3
      Orc:2 |     315 |       0 |   0.0 |       4 |       0 |   0.0
      Sewer |       0 |     134 | 100.0 |       0 |       6 | 100.0
            +---------+---------+-------+---------+---------+-------
